[Event "22nd Hogeschool Zeeland 2018"]
[Site "Vlissingen"]
[Date "2018.08.04"]
[Round "1"]
[White "Schoppen, Casper"]
[Black "Klein, Jorik"]
[Result "1-0"]
[ECO "B86"]
[WhiteElo "2395"]
[BlackElo "1828"]
[Annotator "NA"]
[PlyCount "43"]
[EventDate "2018.08.04"]
[EventType "swiss"]
[EventCountry "NED"]
[SourceTitle "playchess.com"]
[Source "ChessBase"]
[SourceQuality "1"]
[TimeControl "40/5400+30:1800+30"]

1. e4 c5 2. Nf3 d6 3. d4 cxd4 4. Nxd4 Nf6 5. Nc3 a6 6. Bc4 e6 7. Be3 Be7 8. Bb3 O-O 9. g4 {[%emt 0:11:57] LiveBook: 17 Games. B86: Sicilian Scheveningen/Najdorf: 6 Bc4, without early ...b5} Ne8 (9... Nfd7 10. h4 Nc5 11. g5 b5 12. a3 Bb7 13. f3 Nc6 14. Qd2 Nxb3 15. cxb3 b4 16. Nxc6 Bxc6 17. axb4 {1-0 (43) Sethuraman,S (2646)-Kokarev,D (2615) Riadh 2017}) 10. Qe2 Nc6 $146 ({Predecessor:} 10... Bd7 11. O-O-O {Black should try} Nc6 $14 12. Rhg1 b5 13. Nf5 Na5 14. Nxe7+ Qxe7 15. g5 Nxb3+ 16. axb3 Qd8 {1-0 (25) Genocchio,D (2416)-Tonus,A (1919) Conegliano 2008}) 11. O-O-O {[%emt 0:02:44] White is slightly better.} Bf6 12. f4 (12. Nxc6 {with more complications.} bxc6 13. Na4 Be7 14. h4 Rb8 15. Kb1) 12... Nxd4 13. Bxd4 Bxd4 14. Rxd4 b5 15. Rhd1 Qb6 16. f5 e5 (16... Qc5 $16) 17. R4d3 $18 Bb7 $2 (17... Qd8 18. Kb1 b4) 18. g5 Kh8 $2 (18... Rc8 19. g6 Rc7 20. gxf7+ Rcxf7) 19. Rh3 {[%emt 0:04:50] And now Qh5 would win.} g6 {[%emt 0:04:13] [#]} 20. f6 (20. Bxf7 $142 $1 Rxf7 21. fxg6) 20... Bc8 $2 (20... b4) 21. Nd5 Qd8 22. Rh6 {[%emt 0:01:14] Precision: White = 66%, Black = 14%.} 1-0

[Event "22nd Hogeschool Zeeland 2018"]
[Site "Vlissingen"]
[Date "2018.08.04"]
[Round "1"]
[White "Gonzales, Jayson"]
[Black "Van der Hagen, Loek"]
[Result "1-0"]
[ECO "E60"]
[WhiteElo "2383"]
[BlackElo "1814"]
[Annotator "NA"]
[PlyCount "47"]
[EventDate "2018.08.04"]
[EventType "swiss"]
[EventCountry "NED"]
[SourceTitle "playchess.com"]
[Source "ChessBase"]
[SourceQuality "1"]
[TimeControl "40/5400+30:1800+30"]

1. Nf3 Nf6 2. c4 g6 3. b3 Bg7 4. Bb2 O-O 5. g3 d6 6. Bg2 e5 7. O-O Nc6 8. d4 Nd7 {[%emt 0:03:36] E60: King's Indian: Unusual lines and Fianchetto Variation without Nc3} (8... e4 9. Nfd2 e3 10. fxe3 Re8 11. Na3 Ng4 12. Nc2 Nxe3 13. Nxe3 Rxe3 14. Rf4 Qe7 15. Kf1 g5 16. Re4 Rxe4 17. Nxe4 {1-0 (55) Harikrishna,P (2726)-Aronian,L (2815) Dubai 2014}) 9. d5 Ne7 {[%emt 0:00:37] LiveBook: 3 Games} 10. e4 Nc5 {[%emt 0:06:40] The position is equal.} 11. Nc3 a5 12. a3 $146 ({Predecessor:} 12. Ne1 f5 13. f3 Bh6 14. Bc1 Bxc1 15. Rxc1 {0-1 (42) Barton,A (2080)-Hebden,M (2547) Hastings 2013}) 12... f5 13. b4 Nxe4 14. Nxe4 fxe4 15. Nd2 $1 {[%emt 0:01:49] [#]} e3 $1 16. fxe3 c6 (16... Nf5 $11) 17. Rxf8+ $14 Bxf8 18. dxc6 bxc6 19. Ne4 {[%emt 0:00:32] Threatens to win with Bxe5!} Nf5 20. c5 $36 {[%emt 0:09:42] Black must now prevent Bxe5! Black is under pressure.} (20. Bxe5 $5 Nxe3 21. Bf6 $11) 20... Be6 21. cxd6 Nxe3 {[%emt 0:00:20] [#]} (21... axb4 $14 22. Nc5 (22. axb4 Nxe3 23. Rxa8 Qxa8 $16) (22. Bxe5 Rxa3 23. Rxa3 bxa3 $11) 22... bxa3 23. Bxe5 Qb6) 22. Qf3 (22. Qe2 $1 $16 Nc4 23. Rc1 Nxb2 24. Qxb2) 22... Nxg2 23. Bxe5 {[%emt 0:00:55] Hoping for Nf6+.} ({But not} 23. Kxg2 Bxd6 24. Nf6+ Kg7 $17) 23... Bf5 $2 (23... axb4 $14 24. axb4 (24. Kxg2 Bd5 $15) 24... Rxa1+ 25. Bxa1 Ne1) 24. Qb3+ {[%emt 0:00:20] Precision: White = 50%, Black = 24%.} 1-0

[Event "22nd Hogeschool Zeeland 2018"]
[Site "Vlissingen"]
[Date "2018.08.04"]
[Round "1"]
[White "Miciano, John Marvin"]
[Black "Burg, Henk"]
[Result "1-0"]
[ECO "A08"]
[WhiteElo "2381"]
[BlackElo "1805"]
[Annotator "NA"]
[PlyCount "63"]
[EventDate "2018.08.04"]
[EventType "swiss"]
[EventCountry "NED"]
[SourceTitle "playchess.com"]
[Source "ChessBase"]
[SourceQuality "1"]
[TimeControl "40/5400+30:1800+30"]

1. g3 d5 2. Bg2 Nf6 3. Nf3 g6 4. O-O Bg7 5. d3 O-O 6. c3 c5 7. Nbd2 Nc6 8. Qa4 Bd7 9. Qa3 Qa5 10. Qb3 Qb6 11. Qc2 Rac8 12. e4 dxe4 13. dxe4 e5 14. Nc4 Qc7 15. Bg5 h6 16. Bxf6 Bxf6 17. Ne3 Bg7 18. Rfd1 Be6 19. Bf1 f5 20. Bc4 Bxc4 21. Nxc4 fxe4 22. Qxe4 Rf6 23. Nh4 b5 24. Ne3 Qf7 25. Rd2 Rf8 26. Rad1 Na5 27. Rd7 Qe6 28. Ng4 Rf4 29. gxf4 Qxg4+ 30. Ng2 exf4 31. Qe7 f3 32. Qxg7# 1-0

[Event "22nd Hogeschool Zeeland 2018"]
[Site "Vlissingen"]
[Date "2018.08.04"]
[Round "1"]
[White "Ravi, Teja S"]
[Black "Van t Hoff, Kees"]
[Result "1-0"]
[ECO "D00"]
[WhiteElo "2374"]
[BlackElo "1792"]
[Annotator "NA"]
[PlyCount "57"]
[EventDate "2018.08.04"]
[EventType "swiss"]
[EventCountry "NED"]
[SourceTitle "playchess.com"]
[Source "ChessBase"]
[SourceQuality "1"]
[TimeControl "40/5400+30:1800+30"]

1. d4 Nf6 2. Nf3 g6 3. Nc3 d5 4. Bf4 c6 5. e3 Bg7 6. Be2 Nbd7 {[%emt 0:01:55] LiveBook: 29 Partien} 7. h4 {[%emt 0:00:55] D00: Damenbauernspiele} h5 8. Qd2 (8. Ne5 Nxe5 9. Bxe5 Kf8 10. Qd2 b5 11. f3 {1-0 (33) Abasov,N (2587)-Valsecchi,A (2508) Antalya 2017}) 8... a6 9. Ne5 {[%emt 0:00:51] Die Stellung ist ausgeglichen.} Nf8 $146 ({Vorgänger:} 9... Nxe5 10. Bxe5 b5 11. f3 {1-0 (39) Guerra Rivera,S (2360)-Bergougnoux,A (2091) Mamaia 2017}) 10. O-O-O Ne6 11. Bh2 Bd7 (11... Nd7 $11) 12. Bd3 c5 13. dxc5 (13. Kb1 $14) 13... Nxc5 $11 14. Nxd7 Qxd7 15. f3 b5 16. Be5 Nxd3+ (16... O-O $15) 17. Qxd3 e6 (17... Qe6 $1 $11 18. Bxf6 Qxf6) 18. Qd4 Qe7 19. g4 $1 {[%emt 0:01:55] g5 ist eine echte Drohung.} O-O {[%emt 0:00:20] [#]} 20. e4 (20. gxh5 $1 $16 Nxh5 21. Bxg7 Nxg7 {[#]} 22. h5 $1 ) 20... Rfc8 (20... b4 $1 $11 {bleibt in der Remisbreite.} 21. Ne2 Rfd8) 21. g5 $36 {[%emt 0:03:31] Weiss hat Druck.} Ne8 {[%emt 0:02:05] zielt auf ...Tc4 ab.} 22. Bxg7 $1 Nxg7 23. exd5 Rc4 (23... Nf5 $16 24. Qe5 exd5 25. Qxe7 (25. Rxd5 Qxe5 26. Rxe5 Kg7 $11) 25... Nxe7) 24. d6 $18 Qd8 25. Qe5 Rac8 $2 (25... Qb6 {ist zäher.} 26. Ne4 Rd8) 26. d7 Ra8 27. Ne4 {[%emt 0:01:24] Droht stark Sf6+.} Rc7 28. Nf6+ Kf8 29. Qd6+ {[%emt 0:00:07] Precision: Weiß = 52%, Schwarz = 23%.} 1-0

[Event "22nd Hogeschool Zeeland 2018"]
[Site "Vlissingen"]
[Date "2018.08.04"]
[Round "1"]
[White "Smit, Manuel"]
[Black "Van Delft, Merijn"]
[Result "0-1"]
[ECO "A48"]
[WhiteElo "1829"]
[BlackElo "2395"]
[Annotator "NA"]
[PlyCount "66"]
[EventDate "2018.08.04"]
[EventType "swiss"]
[EventCountry "NED"]
[SourceTitle "playchess.com"]
[Source "ChessBase"]
[SourceQuality "1"]
[TimeControl "40/5400+30:1800+30"]

1. d4 Nf6 2. Bf4 g6 3. h3 Bg7 4. Nf3 O-O 5. e3 d6 6. Be2 Nbd7 7. Bh2 {[%emt 0:01:39] A48: Königsindisch (ohne c2-c4)} b6 8. O-O Bb7 9. c4 c5 (9... Ne4 10. Nfd2 Nxd2 11. Qxd2 c5 12. Nc3 cxd4 13. exd4 Nf6 14. d5 a6 15. Rfe1 Re8 {1-0 (35) Le,Q (2737)-Howell,D (2676) Riadh 2017}) 10. Nc3 {[%emt 0:01:01] LiveBook: 4 Partien} a6 11. Rc1 $146 ({Vorgänger:} 11. Qc2 cxd4 12. Nxd4 Rc8 13. Rfd1 Qc7 14. Rac1 Ne5 15. b3 Nc6 16. Qd2 Qb8 {½-½ (41) Tica,S (2260)-Balenovic,Z (2190) Topusko 2016}) 11... Ne4 12. Nxe4 Bxe4 13. b3 Qb8 14. Qd2 Rc8 15. Ng5 Bb7 16. Bg4 Rc7 17. b4 (17. Bd1 $11) 17... h6 $15 18. dxc5 (18. Bxd7 $15 Rxd7 19. Nf3) 18... bxc5 $19 19. Bxd7 Rxd7 20. Nxf7 {[%emt 0:01:44] Weiss will Se5! spielen.} Qc8 21. Nxh6+ (21. Nxd6 $142 exd6 22. Rfd1) 21... Bxh6 22. Qd3 Kh7 23. h4 (23. bxc5 {war angesagt.} Qxc5 24. Bf4) 23... Rc7 24. Rb1 Qe6 25. Rb3 Qe4 26. Qxe4 Bxe4 27. f3 Bc2 28. Rc3 Bf5 ({Nicht} 28... cxb4 29. Rxc2 Bxe3+ 30. Kh1 $17) 29. a3 Bg7 30. Rcc1 cxb4 31. axb4 Bd3 32. c5 Bxf1 33. Rxf1 Rc6 {[%emt 0:05:54] Precision: Weiß = 30%, Schwarz = 62%.} 0-1

[Event "22nd Hogeschool Zeeland 2018"]
[Site "Vlissingen"]
[Date "2018.08.04"]
[Round "1"]
[White "Smink, Meinte"]
[Black "Shyaamnikhil P"]
[Result "0-1"]
[ECO "E25"]
[WhiteElo "1820"]
[BlackElo "2389"]
[Annotator "NA"]
[PlyCount "76"]
[EventDate "2018.08.04"]
[EventType "swiss"]
[EventCountry "NED"]
[SourceTitle "playchess.com"]
[Source "ChessBase"]
[SourceQuality "1"]
[TimeControl "40/5400+30:1800+30"]

1. d4 Nf6 2. c4 e6 3. Nc3 Bb4 4. f3 d5 5. a3 Bxc3+ 6. bxc3 c5 7. cxd5 Nxd5 8. dxc5 f5 9. Nh3 Qa5 {[%emt 0:01:35] LiveBook: 36 Games. E25: Nimzo-Indian: Sämisch: 5...c5 6 f3 d5 7 cxd5} 10. Qd3 Nd7 11. e4 $146 ({Predecessor:} 11. e3 Nxc5 12. Qb5+ Qxb5 13. Bxb5+ Bd7 14. Bxd7+ Kxd7 15. Nf4 Nb6 16. e4 fxe4 17. Be3 {0-1 (48) Galojan,L (2383)-Zhao,X (2541) Mardin 2011}) 11... fxe4 {[%emt 0:02:21] Black is slightly better.} 12. fxe4 N5f6 13. Nf2 O-O 14. Be2 Nxc5 15. Qc2 Bd7 16. O-O Ba4 17. Qb2 Nfxe4 18. Be3 Nxf2 19. Bxf2 Bc6 20. Bd4 Nd7 21. Bc4 Bd5 22. Bxd5 Qxd5 {[%emt 0:01:47] [#]} 23. c4 $1 Qc6 (23... Qxc4 24. Bxg7) 24. Bxg7 Qb6+ 25. Bd4 Qxb2 26. Bxb2 Rac8 27. Rxf8+ (27. Rfe1 {looks sharper.} Nc5 28. Rad1 Rcd8 29. Rd4 Rxd4 30. Bxd4 Rf5 31. Rf1) 27... Kxf8 $11 {[%emt 0:00:07] Endgame KRB-KRN} 28. Rc1 e5 29. g4 (29. Re1 $11 {was the only way to keep the balance.}) 29... Kf7 $17 30. h3 Ke6 31. Kf1 {[%emt 0:02:56] [#]} Nb6 $1 32. Ke2 Nxc4 33. Rc2 b5 34. Bc1 a5 35. Kd3 $2 (35. Bd2) 35... Kd5 $19 36. g5 $2 (36. Rf2) 36... e4+ {[%emt 0:00:09] Black is clearly winning.} 37. Ke2 b4 38. axb4 axb4 {[%emt 0:00:06] Precision: White = 18%, Black = 53%.} 0-1

[Event "22nd Hogeschool Zeeland 2018"]
[Site "Vlissingen"]
[Date "2018.08.04"]
[Round "1"]
[White "Van Gemert, Jean-Pierre"]
[Black "Timmermans, Mark"]
[Result "0-1"]
[ECO "D02"]
[WhiteElo "1811"]
[BlackElo "2383"]
[Annotator "NA"]
[PlyCount "54"]
[EventDate "2018.08.04"]
[EventType "swiss"]
[EventCountry "NED"]
[SourceTitle "playchess.com"]
[Source "ChessBase"]
[SourceQuality "1"]
[TimeControl "40/5400+30:1800+30"]

1. d4 Nf6 2. Nf3 d5 3. Bf4 c5 4. c3 Nc6 5. e3 Qb6 6. Qc2 Bf5 {[%emt 0:00:37] D02: 1 d4 d5 2 Nf3 sidelines, including 2...Nf6 3 g3 and 2...Nf6 3 Bf4} (6... g6 7. Nbd2 Bg7 8. Be2 O-O 9. O-O Bf5 10. dxc5 Qxc5 11. Qb3 Ne4 12. Nxe4 Bxe4 13. Bg3 Na5 14. Qb5 Qxb5 15. Bxb5 {0-1 (94) Hoang,T (2423)-Galyas,M (2517) Ajka 2018}) 7. dxc5 Bxc2 8. cxb6 {[%emt 0:02:52] LiveBook: 8 Games} Bxb1 {[%emt 0:04:10] White is slightly better.} 9. Rxb1 axb6 10. a3 e6 11. Bb5 Be7 12. a4 $146 ({Predecessor:} 12. Ne5 O-O 13. Bxc6 bxc6 14. Nxc6 {1-0 (35) Elnaami,H (1913)-Shaker,M (1734) Sharjah 2018}) 12... O-O 13. O-O Ne4 14. Bc7 Bd8 15. Bf4 g5 16. Bg3 $1 h5 17. h3 $1 h4 $36 {[%emt 0:07:26] White is under pressure.} 18. Bh2 $1 f5 {[%emt 0:00:18] Strongly threatening ...g4.} 19. Rbd1 (19. g3 $15) 19... g4 $17 20. hxg4 fxg4 21. Ne5 (21. Nd4 $17 g3 22. Nxe6 gxh2+ 23. Kxh2 Nxf2 24. Nxf8 Nxd1 25. Ne6 Nxb2 26. Rf8+ Kh7 27. Kh3) 21... g3 $19 22. Nxc6 $2 {[%emt 0:04:27] [#]} (22. Ng4) 22... bxc6 (22... gxh2+ $2 23. Kxh2 bxc6 24. Bxc6 $19 Ra7 25. f3 $19) 23. Bxc6 {[%emt 0:00:14] Threatens to win with fxg3.} gxf2+ 24. Rxf2 Nxf2 (24... Rxf2 25. Bxa8 Rxb2 26. Be5 $17) 25. Rf1 {[%emt 0:05:19] [#]} Bg5 $1 ({Less strong is} 25... Rc8 26. Bd7 $15) 26. Bd6 Bxe3 {[%emt 0:03:17] ( -> ...Ng4+)} 27. Bxa8 Ng4+ {[%emt 0:00:08] Precision: White = 32%, Black = 97%.} 0-1

[Event "22nd Hogeschool Zeeland 2018"]
[Site "Vlissingen"]
[Date "2018.08.04"]
[Round "1"]
[White "Melger, Ron"]
[Black "Grooten, Herman"]
[Result "0-1"]
[ECO "E13"]
[WhiteElo "1805"]
[BlackElo "2374"]
[Annotator "NA"]
[PlyCount "66"]
[EventDate "2018.08.04"]
[EventType "swiss"]
[EventCountry "NED"]
[SourceTitle "playchess.com"]
[Source "ChessBase"]
[SourceQuality "1"]
[TimeControl "40/5400+30:1800+30"]

1. d4 Nf6 2. Nf3 e6 3. c4 b6 4. Nc3 Bb4 5. Bg5 Bxc3+ 6. bxc3 Bb7 7. e3 h6 8. Bh4 d6 9. Nd2 e5 {[%emt 0:02:05] LiveBook: 11 Games. E13: Queen's Indian/Nimzo-Indian hybrid: 4 Nc3 Bb7 5 Bg5 h6 6 Bh4 Bb4} 10. d5 $146 ({Predecessor:} 10. c5 exd4 11. cxd4 dxc5 12. dxc5 Nbd7 13. Rc1 Nxc5 14. Rxc5 bxc5 15. Bb5+ Kf8 16. Qc2 Qd5 17. f3 {1-0 (45) Adianto,U (2580)-Jenni,F (2481) Biel 2006}) 10... Nbd7 11. Bd3 Bc8 {[%emt 0:07:02] The position is equal.} 12. O-O g5 13. Bg3 Nc5 14. Qc2 Qe7 15. f3 h5 16. h4 (16. Bf2 $15) 16... Ng8 17. hxg5 (17. Bf2 $17 {might work better.}) 17... Qxg5 $19 18. Bf2 $2 (18. Kf2) 18... Bh3 {[%emt 0:00:45] [#]} 19. g3 h4 20. f4 $2 (20. g4 Nxd3 21. Qxd3 Bxf1 22. Rxf1) 20... Qg4 21. Be4 hxg3 22. Be1 Qe2 23. Bxg3 Qxe3+ 24. Bf2 Qxf4 {[%emt 0:00:08] ( -> ...Qg5+)} 25. Bg2 Qg4 (25... Bxg2 $142 26. Bh4 Qxh4 27. Qf5 Qh2+ 28. Kf2 Bxf1+ 29. Kxf1 Qh1+ 30. Ke2 Rh2+ 31. Qf2 Rxf2+ 32. Kxf2 Qxa1 33. Nf3 Qxc3 34. a4 Ne4+ 35. Ke2 Qc2+ 36. Ke1 Qd3 37. a5 Qxf3 38. axb6 Qf2+ 39. Kd1 Qd2#) 26. Bg3 Qxg3 27. Ne4 Nxe4 28. Qxe4 Ne7 29. Rf2 f5 30. Qc2 Bg4 31. Qa4+ Kf7 {[%emt 0:01:10] Black mates.} 32. Qd7 f4 33. Qa4 {[%emt 0:00:41] [#]} Rh1+ $1 {[%emt 0:50:17] Precision: White = 13%, Black = 59%.} 0-1

[Event "22nd Hogeschool Zeeland 2018"]
[Site "Vlissingen"]
[Date "2018.08.05"]
[Round "2"]
[White "Van Delft, Merijn"]
[Black "Verwoert, Jef"]
[Result "1-0"]
[ECO "B36"]
[WhiteElo "2395"]
[BlackElo "2040"]
[Annotator "NA"]
[PlyCount "89"]
[EventDate "2018.08.04"]
[EventType "swiss"]
[EventCountry "NED"]
[SourceTitle "playchess.com"]
[Source "ChessBase"]
[SourceQuality "1"]
[TimeControl "40/5400+30:1800+30"]

1. e4 c5 2. Nf3 g6 3. d4 cxd4 4. Nxd4 Nc6 5. c4 Nf6 6. Nc3 d6 7. f3 Nxd4 8. Qxd4 Bg7 9. Be3 O-O 10. Qd2 Qa5 11. Rc1 Be6 12. b3 {[%emt 0:01:16] B36: Sicilian: Maroczy Bind: Gurgenidze System} Rfc8 13. Bd3 (13. Be2 a6 14. Na4 Qxd2+ 15. Kxd2 Nd7 16. g4 f5 17. gxf5 gxf5 18. Rhg1 Kh8 19. Bd3 f4 20. Bf2 Bf6 21. Nb6 Nxb6 22. Bxb6 Rg8 23. a4 Rxg1 24. Rxg1 a5 {½-½ (75) Malakhov,V (2686)-Guseinov,G (2646) Riadh 2017}) 13... a6 14. Na4 Qxd2+ 15. Kxd2 Nd7 16. g4 Rc6 17. Be2 Rac8 18. h4 Nc5 $146 ({Predecessor:} 18... f5 19. exf5 gxf5 20. g5 d5 21. cxd5 Bxd5 22. Rxc6 Rxc6 23. Rc1 Rxc1 24. Kxc1 {1-0 (43) Bragin,A (2399)-Vasiliev,V (2347) Tula 2007}) 19. Nc3 Nd7 20. Nd5 Bxd5 21. exd5 R6c7 22. h5 Bb2 23. Rc2 Bg7 24. h6 Bh8 25. Rhc1 e6 26. dxe6 fxe6 27. g5 Ne5 28. Kd1 d5 29. cxd5 Rxc2 30. Rxc2 Rxc2 31. Kxc2 exd5 32. f4 Nc6 33. Bg4 Kf7 34. Bc5 Nd4+ 35. Kd3 Nc6 36. Bc8 b6 37. Bxb6 Nb4+ 38. Kd2 Nxa2 39. Bxa6 Bc3+ 40. Kd3 Bb4 41. Bb7 Ke6 42. Bc8+ Kf7 43. Be3 Ba3 44. f5 Nc1+ {[%emt 0:06:16] Ke4 [%clk 0:00:00]} 45. Kc2 $18 1-0

[Event "22nd Hogeschool Zeeland 2018"]
[Site "Vlissingen"]
[Date "2018.08.05"]
[Round "2"]
[White "Shyaamnikhil, P."]
[Black "Bekedam, Tyro"]
[Result "1/2-1/2"]
[ECO "B23"]
[WhiteElo "2389"]
[BlackElo "2014"]
[Annotator "NA"]
[PlyCount "161"]
[EventDate "2018.08.04"]
[EventType "swiss"]
[EventCountry "NED"]
[SourceTitle "playchess.com"]
[Source "ChessBase"]
[SourceQuality "1"]
[TimeControl "40/5400+30:1800+30"]

1. e4 c5 2. f4 e6 3. Nf3 Nc6 4. Nc3 Nge7 5. d4 cxd4 6. Nxd4 Nxd4 7. Qxd4 Nc6 8. Qf2 Qc7 {[%emt 0:04:14] B23: Closed Sicilian: Lines without g3} (8... d5 9. Bd3 Be7 10. O-O O-O 11. a3 a6 12. Kh1 d4 13. Ne2 b5 14. b4 Ra7 15. Bb2 Rd7 16. e5 Bb7 17. Qg3 {½-½ (38) Vocaturo,D (2542)-Iturrizaga Bonelli,E (2625) San Cristobal 2012}) 9. a3 $146 ({Predecessor:} 9. Bd3 Nb4 10. Be3 b6 11. O-O Bb7 12. a3 Nxd3 13. cxd3 Be7 14. Rac1 Qd8 15. Nb5 O-O 16. Nxa7 {½-½ (31) Brustkern,J (2288)-Kahn,E (2355) Budapest 2002}) 9... a6 10. Be3 b5 11. Bb6 Qb7 12. e5 Rb8 13. Bc5 Bxc5 14. Qxc5 Qb6 15. Ne4 Qxc5 16. Nxc5 f6 17. exf6 gxf6 18. O-O-O Ke7 19. g3 d6 20. Nb3 e5 21. Bg2 Rb6 22. Nd2 Bg4 23. Rde1 Rc8 24. c3 b4 25. fxe5 dxe5 26. axb4 Nxb4 27. Be4 h6 28. Bb1 Nd5 29. Bc2 Rcb8 30. Nc4 Rc6 31. Ne3 Nxe3 32. Rxe3 Rcb6 33. b3 Be6 34. c4 a5 35. Rc3 Rb4 36. Kd2 a4 37. bxa4 Bxc4 38. Ra1 Bd5 39. a5 Ra8 40. a6 Ra7 41. Bd3 Kd6 42. Ke3 Rb2 43. Rf1 Ke6 44. Rf2 Rb4 45. Rd2 h5 46. Rc5 h4 47. Bf1 Re4+ 48. Kf2 $11 hxg3+ 49. hxg3 Ba8 50. Rb2 Ra4 51. Rb6+ Ke7 52. Bc4 Rd7 53. Re6+ Kf7 54. Rd6+ Ke7 55. Rb6 Rd2+ 56. Ke3 Rd4 57. Rc7+ Rd7 58. Rxd7+ Kxd7 59. Bb5+ Kc7 60. Rxf6 Ra3+ 61. Kf2 Ra2+ 62. Ke1 Ra1+ 63. Kd2 Ra2+ 64. Kc1 Rg2 65. Rg6 Be4 66. Rg5 Kb6 67. a7 Kxb5 68. Rxe5+ Kb6 69. Rxe4 Kxa7 70. Re3 Kb6 71. Kd1 Kc5 72. Ke1 Kd4 73. Kf1 Ra2 74. Re8 Kd5 75. Kg1 Rb2 76. g4 Rb4 77. Rg8 Ke6 78. Kg2 Kf7 79. Rg5 Kf6 80. Rg8 Kf7 81. Rg5 1/2-1/2

[Event "22nd Hogeschool Zeeland 2018"]
[Site "Vlissingen"]
[Date "2018.08.05"]
[Round "2"]
[White "Timmermans, Mark"]
[Black "Balla, Tom"]
[Result "1-0"]
[ECO "B20"]
[WhiteElo "2383"]
[BlackElo "2007"]
[Annotator "NA"]
[PlyCount "45"]
[EventDate "2018.08.04"]
[EventType "swiss"]
[EventCountry "NED"]
[SourceTitle "playchess.com"]
[Source "ChessBase"]
[SourceQuality "1"]
[TimeControl "40/5400+30:1800+30"]

1. e4 c5 2. Ne2 Nc6 3. g3 d5 4. Bg2 Nf6 5. exd5 Nxd5 6. O-O e5 7. d3 Be7 8. Nbc3 Nc7 9. f4 exf4 10. Nxf4 O-O 11. Be3 Bd7 12. Qd2 Rc8 13. Rae1 Ne6 14. Nfd5 b6 15. Rf2 Bg5 16. Ne4 Bxe3 17. Qxe3 f6 18. Ref1 Ncd4 19. c3 f5 20. Nd6 f4 21. Nxf4 Nxf4 22. Rxf4 Rxf4 23. Rxf4 1-0

[Event "22nd Hogeschool Zeeland 2018"]
[Site "Vlissingen"]
[Date "2018.08.05"]
[Round "2"]
[White "Grooten, Herman"]
[Black "Kreutzmann, Duke"]
[Result "1-0"]
[ECO "A40"]
[WhiteElo "2374"]
[BlackElo "1987"]
[Annotator "NA"]
[PlyCount "115"]
[EventDate "2018.08.04"]
[EventType "swiss"]
[EventCountry "NED"]
[SourceTitle "playchess.com"]
[Source "ChessBase"]
[SourceQuality "1"]
[TimeControl "40/5400+30:1800+30"]

1. d4 e6 2. c4 Bb4+ 3. Nd2 Nf6 4. a3 Bxd2+ 5. Bxd2 b6 6. f3 Bb7 7. e3 d6 8. Bd3 c5 9. Ne2 Nbd7 10. O-O Qe7 11. e4 cxd4 12. Nxd4 O-O 13. Re1 a6 14. Bf1 Rac8 15. Rc1 Rfd8 16. Be3 Ne5 17. Bf2 Qc7 18. b4 h6 19. Nb3 Bc6 20. Qd4 Ba4 21. Qb2 Qb7 22. Nd2 Nh5 23. Qd4 Nd7 24. Nb1 Qb8 25. Nc3 Bc6 26. Red1 Ne5 27. Qxb6 Qa8 28. Qa7 g5 29. Qxa8 Bxa8 30. c5 Bb7 31. cxd6 Rc6 32. Bc5 Nd7 33. Ne2 e5 34. Ng3 Nxg3 35. hxg3 Kf8 36. Be3 Rdc8 37. b5 Rxc1 38. Rxc1 Rxc1 39. Bxc1 axb5 40. Bxb5 Ke8 41. Be3 Kd8 42. Kh2 f6 43. Kh3 h5 44. a4 Nb8 45. a5 Nc6 46. a6 Ba8 47. f4 gxf4 48. gxf4 exf4 49. Bxf4 Nd4 50. Ba4 Bxe4 51. Be3 Ne6 52. Bb6+ Kc8 53. d7+ Kb8 54. Bb3 Nd8 55. Bxd8 Bf5+ 56. Kh2 Bxd7 57. Bb6 Bc6 58. Bd1 1-0

[Event "22nd Hogeschool Zeeland 2018"]
[Site "Vlissingen"]
[Date "2018.08.05"]
[Round "2"]
[White "Du, Yuxin"]
[Black "Viani Antonio Dcunha"]
[Result "0-1"]
[ECO "C59"]
[WhiteElo "2064"]
[BlackElo "2414"]
[Annotator "NA"]
[PlyCount "108"]
[EventDate "2018.08.04"]
[EventType "swiss"]
[EventCountry "NED"]
[SourceTitle "playchess.com"]
[Source "ChessBase"]
[SourceQuality "1"]
[TimeControl "40/5400+30:1800+30"]

1. e4 e5 2. Nf3 Nc6 3. Bc4 Nf6 4. Ng5 d5 5. exd5 Na5 6. Bb5+ c6 7. dxc6 bxc6 8. Be2 h6 9. Nf3 e4 10. Ne5 Bd6 11. d4 exd3 12. Nxd3 Qc7 13. h3 O-O 14. O-O c5 15. b3 {[%emt 0:01:27] C59: Two Knights: 4 Ng5 d5 5 exd5 Na5 5 Bb5+ c6 6 dxc6 bxc6 7 Be2} c4 16. bxc4 Nxc4 17. Nd2 Bf5 (17... Nxd2 18. Bxd2 Bf5 19. Ne1 Ne4 20. Bd3 Rac8 21. Nf3 Bc5 22. Be3 Rfd8 23. Qc1 Nc3 24. Qd2 Ne4 25. Qc1 Nc3 26. Qd2 Ne4 27. Qc1 Nc3 {½-½ (27) Liu,Q (2523)-Yu,Y (2723) Xinghua 2015}) 18. Nxc4 Qxc4 19. Bb2 Ne4 $146 ({Predecessor:} 19... Rac8 20. Bxf6 gxf6 21. Ne1 {½-½ (47) Malmstroem,J (1993)-Starace,U (1952) IECG email 2006}) 20. Ne5 Qc7 21. Nc4 Bh2+ 22. Kh1 Rad8 23. Bd3 Nc5 24. Qf3 Bxd3 25. cxd3 Nxd3 26. Qg4 Nxb2 27. Nxb2 Be5 28. Rac1 Qb7 29. Nc4 Rd4 30. Qe2 Bf4 31. Rcd1 Rxd1 32. Rxd1 Qc6 33. Na5 Qa4 34. Nb3 Re8 35. Qc2 Qb4 36. g3 Qb7+ 37. Kh2 Bg5 38. Qf5 Re2 39. Nc5 g6 40. Nxb7 gxf5 41. Kg1 Rxa2 42. f4 Bf6 43. Rd5 {[%emt 0:00:00] [#]} Bc3 $1 44. Nd6 a5 45. Nxf5 $17 a4 46. Nxh6+ Kh7 47. Nxf7 Rd2 48. Ng5+ Kh6 49. Rb5 Bd4+ 50. Kf1 a3 51. Ra5 Rf2+ 52. Kg1 Rxf4+ 53. Kg2 Rf2+ 54. Kh1 a2 0-1

[Event "22nd Hogeschool Zeeland 2018"]
[Site "Vlissingen"]
[Date "2018.08.05"]
[Round "2"]
[White "Hoffman, Ron"]
[Black "Schoppen, Casper"]
[Result "0-1"]
[ECO "D02"]
[WhiteElo "2041"]
[BlackElo "2395"]
[Annotator "ChessBase"]
[PlyCount "64"]
[EventDate "2018.08.04"]
[EventType "swiss"]
[EventCountry "NED"]
[SourceTitle "playchess.com"]
[Source "ChessBase"]
[SourceQuality "1"]
[TimeControl "40/5400+30:1800+30"]

1. d4 Nf6 2. Bf4 e6 3. e3 d5 4. c3 Bd6 5. Bg3 c5 6. Nd2 O-O 7. Bd3 Nc6 8. Ngf3 c4 9. Bc2 b5 10. Qe2 Bb7 11. Ne5 b4 12. e4 Be7 13. Nxc6 Bxc6 14. e5 Nd7 15. Qh5 g6 16. Qe2 bxc3 17. bxc3 Qa5 18. Qe3 Ba4 19. Bxa4 Qxa4 20. h4 Qc2 21. h5 g5 22. Ke2 Rab8 23. Rac1 Qf5 24. Rb1 h6 25. f3 Ba3 26. Bh2 Nb6 27. g4 Qc2 28. f4 Na4 29. Kf3 Nxc3 30. fxg5 Nxb1 31. Rxb1 Rxb1 32. Nxb1 Bc1 0-1